3AAA
ELLENBURG FIGHTING DACHSUNDS @ BRINKLEY BELUGAS
07/26/2029
 
TOP OF THE 1ST
Ellenburg Fighting Dachsunds batting - Pitching for Brinkley Belugas : RHP Alejandro Araya
Pitching: RHP Alejandro Araya
Batting: SHB Ted Tullo 0-0: Ball
1-0: Ball
2-0: Ball
3-0: Called Strike
3-1: Base on Balls
Batting: RHB José Vázquez 0-0: Ball
1-0: Ball
2-0: Fly out, F8 (Flyball, 89D)
Batting: RHB Steve Koch 0-0: Ball
1-0: Called Strike
1-1: Called Strike
1-2: Ball
Ted Tullo steals 2nd base
2-2: Foul Ball, location: 2F
2-2: Foul Ball, location: 2F
2-2: DOUBLE (Flyball, 8RXD)
Ted Tullo scores
Batting: RHB Alan McLennan 0-0: Called Strike
0-1: Ball
1-1: Fly out, F4 (Popup, 23)
Batting: LHB Vicente Castaneda 0-0: Ball
1-0: Called Strike
1-1: Called Strike
1-2: Ball
2-2: Ball
3-2: Foul Ball, location: 2F
3-2: Fly out, F4 (Line Drive, 4)
Top of the 1st over - 1 run, 1 hit, 0 errors, 1 left on base; Ellenburg 1 - Brinkley 0
BOTTOM OF THE 1ST
Brinkley Belugas batting - Pitching for Ellenburg Fighting Dachsunds : RHP Danny Bystrom
Pitching: RHP Danny Bystrom
Batting: RHB Jouo Hirschovits 0-0: Called Strike
0-1: Ground out 1-3 (Groundball, 15)
Batting: LHB Marcos Deleón 0-0: Ball
1-0: Called Strike
1-1: Ground out 3-1 (Groundball, 34)
Batting: RHB Wu-shiun Wang 0-0: Ball
1-0: Ground out 5-3 (Groundball, 5)
Bottom of the 1st over - 0 runs, 0 hits, 0 errors, 0 left on base; Ellenburg 1 - Brinkley 0
TOP OF THE 2ND
Ellenburg Fighting Dachsunds batting - Pitching for Brinkley Belugas : RHP Alejandro Araya
Batting: LHB Steve Ingram 0-0: Bunt for hit - play at first, batter safe!
Batting: RHB Gonzalo Sánchez 0-0: Called Strike
0-1: Called Strike
0-2: Ball
1-2: Strikes out swinging
Batting: RHB Roy Bowman 0-0: Ball
1-0: Ball
2-0: Ball
3-0: Called Strike
3-1: Swinging Strike
3-2: Base on Balls
Steve Ingram to second
Batting: RHB Ron Johnston 0-0: Ball
1-0: Ball
2-0: Foul Ball, location: 2F
2-1: Ball
3-1: Base on Balls
Steve Ingram to third
Roy Bowman to second
Batting: SHB Ted Tullo 0-0: SINGLE (Groundball, 34D)
Steve Ingram scores
Roy Bowman to third
Ron Johnston to second
Runner from 3rd tries for Home, SAFE, no throw
Batting: RHB José Vázquez 0-0: Called Strike
Ron Johnston steals 3rd base
Ted Tullo to second
0-1: Called Strike
0-2: Ball
1-2: Ball
2-2: Foul Ball, location: 2F
2-2: SINGLE (Groundball, 6MD)
Ron Johnston scores
Ted Tullo to third
Runner from 3rd tries for Home, SAFE, no throw
Batting: RHB Steve Koch 0-0: Foul Ball, location: 2F
0-1: Called Strike
0-2: Ball
1-2: Strikes out looking
Batting: RHB Alan McLennan 0-0: Ball
1-0: Foul Ball, location: 2F
1-1: Fly out, F8 (Flyball, 8RXD)
Top of the 2nd over - 4 runs, 3 hits, 0 errors, 1 left on base; Ellenburg 5 - Brinkley 0
BOTTOM OF THE 2ND
Brinkley Belugas batting - Pitching for Ellenburg Fighting Dachsunds : RHP Danny Bystrom
Batting: RHB Orlando Velásquez 0-0: Foul Ball, location: 2F
0-1: Swinging Strike
0-2: Ball
1-2: Ball
2-2: Strikes out swinging
Batting: LHB Mario Nieves 0-0: Swinging Strike
0-1: DOUBLE (Flyball, 8RXD)
Batting: SHB Mario Domondón 0-0: Ball
1-0: Swinging Strike
1-1: Ball
2-1: Ball
3-1: Base on Balls
Batting: LHB Mike Cook 0-0: Foul Ball, location: 2F
0-1: Foul Ball, location: 2F
0-2: Fly out, F7 (Flyball, 78M)
Batting: RHB Edgardo Bello 0-0: Called Strike
0-1: Swinging Strike
0-2: Ground out 6-3 (Groundball, 6S)
Bottom of the 2nd over - 0 runs, 1 hit, 0 errors, 2 left on base; Ellenburg 5 - Brinkley 0
TOP OF THE 3RD
Ellenburg Fighting Dachsunds batting - Pitching for Brinkley Belugas : RHP Alejandro Araya
Batting: LHB Vicente Castaneda 0-0: Ball
1-0: SINGLE (Groundball, 4D)
Batting: LHB Steve Ingram 0-0: Ball
1-0: Foul Ball, location: 2F
1-1: Ball
2-1: Foul Ball, location: 2F
2-2: Strikes out looking
Batting: RHB Gonzalo Sánchez 0-0: Foul Ball, location: 2F
0-1: Ball
1-1: Ball
2-1: Ball
3-1: Base on Balls
Vicente Castaneda to second
Batting: RHB Roy Bowman 0-0: Ball
1-0: Fly out, F8 (Line Drive, 89M)
Batting: RHB Ron Johnston 0-0: Ground out 5-3 (Groundball, 5S)
Top of the 3rd over - 0 runs, 1 hit, 0 errors, 2 left on base; Ellenburg 5 - Brinkley 0
BOTTOM OF THE 3RD
Brinkley Belugas batting - Pitching for Ellenburg Fighting Dachsunds : RHP Danny Bystrom
Batting: RHB Mike Henshaw 0-0: Ground out 5-3 (Groundball, 56)
Batting: RHB Jouo Hirschovits 0-0: Swinging Strike
0-1: Swinging Strike
0-2: Ball
1-2: Ball
2-2: Fly out, F9 (Flyball, 9S)
Batting: LHB Marcos Deleón 0-0: Called Strike
0-1: Ball
1-1: Ball
2-1: SINGLE (Groundball, 34D)
Batting: RHB Wu-shiun Wang 0-0: Called Strike
0-1: Ball
Marcos Deleón is caught stealing 2nd base
Bottom of the 3rd over - 0 runs, 1 hit, 0 errors, 0 left on base; Ellenburg 5 - Brinkley 0
TOP OF THE 4TH
Ellenburg Fighting Dachsunds batting - Pitching for Brinkley Belugas : RHP Alejandro Araya
Batting: SHB Ted Tullo 0-0: Ground out U3 (Groundball, 3)
Batting: RHB José Vázquez 0-0: Ball
1-0: Ball
2-0: Ball
3-0: Foul Ball, location: 2F
3-1: Base on Balls
Batting: RHB Steve Koch 0-0: Ball
José Vázquez steals 2nd base
1-0: Intentional Walk
Batting: RHB Alan McLennan 0-0: Ball
1-0: Ball
2-0: SINGLE (Groundball, 6MD)
José Vázquez to third
Steve Koch to second
Runner from 3rd tries for Home, SAFE, no throw
Batting: LHB Vicente Castaneda 0-0: SINGLE (Line Drive, 8LS)
Steve Koch to third
Alan McLennan to second
Batting: LHB Steve Ingram 0-0: Ball
1-0: Ball
2-0: Ball
3-0: Base on Balls
Steve Koch scores
Alan McLennan to third
Vicente Castaneda to second
Batting: RHB Gonzalo Sánchez 0-0: Ball
1-0: Foul Ball, location: 2F
1-1: Grounds into double play, 5-4-3 (Groundball, 5)
Top of the 4th over - 2 runs, 2 hits, 0 errors, 2 left on base; Ellenburg 7 - Brinkley 0
BOTTOM OF THE 4TH
Brinkley Belugas batting - Pitching for Ellenburg Fighting Dachsunds : RHP Danny Bystrom
Batting: RHB Wu-shiun Wang 0-0: Ball
1-0: Ball
2-0: Foul Ball, location: 2F
2-1: Ground out 6-3 (Groundball, 56D)
Batting: RHB Orlando Velásquez 0-0: Called Strike
0-1: Ball
1-1: SINGLE (Groundball, 6MD)
Batting: LHB Mario Nieves 0-0: Reached on error, E1 (Groundball, 15S)
Orlando Velásquez to second
Batting: SHB Mario Domondón 0-0: Ball
1-0: Ball
2-0: Ball
3-0: Called Strike
3-1: Swinging Strike
3-2: Base on Balls
Orlando Velásquez to third
Mario Nieves to second
Batting: LHB Mike Cook 0-0: Fly out, F7 (Flyball, 7S)
Runner from 3rd tags up, SCORES, throw made
Batting: RHB Edgardo Bello 0-0: Fielders Choice at 2nd, 6-4 (Groundball, 6)
Bottom of the 4th over - 1 run, 1 hit, 1 error, 2 left on base; Ellenburg 7 - Brinkley 1
TOP OF THE 5TH
Ellenburg Fighting Dachsunds batting - Pitching for Brinkley Belugas : RHP Alejandro Araya
Batting: RHB Roy Bowman 0-0: Ball
1-0: Foul Ball, location: 2F
1-1: Foul Ball, location: 2F
1-2: Ball
2-2: Strikes out looking
Batting: RHB Ron Johnston 0-0: Ball
1-0: Ball
2-0: Ball
3-0: Base on Balls
Pitching: RHP Arturo Villa
Batting: SHB Ted Tullo 0-0: Called Strike
0-1: Grounds into double play, 3-6-3 (Groundball, 34)
Top of the 5th over - 0 runs, 0 hits, 0 errors, 0 left on base; Ellenburg 7 - Brinkley 1
BOTTOM OF THE 5TH
Brinkley Belugas batting - Pitching for Ellenburg Fighting Dachsunds : RHP Danny Bystrom
Batting: RHB Mike Henshaw 0-0: SINGLE (Flyball, 7LS)
Batting: RHB Jouo Hirschovits 0-0: Ball
1-0: Ball
2-0: Called Strike
2-1: Ball
3-1: Swinging Strike
3-2: Base on Balls
Mike Henshaw to second
Batting: LHB Marcos Deleón 0-0: Called Strike
0-1: Ball
1-1: Ball
2-1: Swinging Strike
2-2: Ball
3-2: Base on Balls
Mike Henshaw to third
Jouo Hirschovits to second
Batting: RHB Wu-shiun Wang 0-0: Foul Ball, location: 2F
0-1: Ball
1-1: Ball
2-1: Ball
3-1: Called Strike
3-2: Base on Balls
Mike Henshaw scores
Jouo Hirschovits to third
Marcos Deleón to second
Batting: RHB Orlando Velásquez 0-0: Called Strike
0-1: Swinging Strike
0-2: Strikes out swinging
Batting: LHB Mario Nieves 0-0: Fly out, F9 (Flyball, 9)
Runner from 3rd tags up, SCORES, throw made
Batting: SHB Mario Domondón 0-0: Ball
1-0: Swinging Strike
1-1: Ball
2-1: Ball
3-1: Ground out 1-3 (Groundball, 15)
Bottom of the 5th over - 2 runs, 1 hit, 0 errors, 2 left on base; Ellenburg 7 - Brinkley 3
TOP OF THE 6TH
Ellenburg Fighting Dachsunds batting - Pitching for Brinkley Belugas : RHP Arturo Villa
Batting: RHB José Vázquez 0-0: Ball
1-0: Swinging Strike
1-1: Foul Ball, location: 2F
1-2: Ball
2-2: Foul Ball, location: 2F
2-2: Ball
3-2: Fly out, F7 (Flyball, 78S)
Batting: RHB Steve Koch 0-0: Called Strike
0-1: Ball
1-1: Called Strike
1-2: Strikes out swinging
Batting: RHB Alan McLennan 0-0: Ball
1-0: Fly out, F7 (Flyball, 7S)
Top of the 6th over - 0 runs, 0 hits, 0 errors, 0 left on base; Ellenburg 7 - Brinkley 3
BOTTOM OF THE 6TH
Brinkley Belugas batting - Pitching for Ellenburg Fighting Dachsunds : RHP Danny Bystrom
Batting: LHB Mike Cook 0-0: Ball
1-0: DOUBLE (Line Drive, 8LXD)
Batting: RHB Edgardo Bello 0-0: SINGLE (Flyball, 78S)
Mike Cook to third
Batting: RHB Mike Henshaw 0-0: Called Strike
0-1: Swinging Strike
0-2: Strikes out looking
Batting: RHB Jouo Hirschovits 0-0: Called Strike
0-1: Ball
1-1: Ball
2-1: Ball
3-1: Called Strike
3-2: Ground out 5-3 (Groundball, 56S)
Mike Cook scores
Edgardo Bello to second
Batting: LHB Marcos Deleón 0-0: Called Strike
0-1: Called Strike
0-2: Ball
1-2: Ball
2-2: Foul Ball, location: 2F
2-2: Foul Ball, location: 2F
2-2: SINGLE (Groundball, 4MD)
Edgardo Bello to third
Runner from 3rd tries for Home, SAFE, no throw
Batting: RHB Wu-shiun Wang 0-0: Ball
1-0: Ball
2-0: Ball
3-0: Called Strike
3-1: Called Strike
3-2: Strikes out looking
Bottom of the 6th over - 2 runs, 3 hits, 0 errors, 1 left on base; Ellenburg 7 - Brinkley 5
TOP OF THE 7TH
Ellenburg Fighting Dachsunds batting - Pitching for Brinkley Belugas : RHP Arturo Villa
Batting: LHB Vicente Castaneda 0-0: Ball
1-0: Ground out 4-3 (Groundball, 4)
Batting: LHB Steve Ingram 0-0: Ball
1-0: Fly out, F7 (Flyball, 7LM)
Batting: RHB Gonzalo Sánchez 0-0: Ground out 1-3 (Groundball, P)
Top of the 7th over - 0 runs, 0 hits, 0 errors, 0 left on base; Ellenburg 7 - Brinkley 5
BOTTOM OF THE 7TH
Brinkley Belugas batting - Pitching for Ellenburg Fighting Dachsunds : RHP Danny Bystrom
Batting: RHB Orlando Velásquez 0-0: Ball
1-0: Swinging Strike
1-1: Ball
2-1: Ball
3-1: Called Strike
3-2: Strikes out looking
Batting: LHB Mario Nieves 0-0: Foul Ball, location: 2F
0-1: Foul Ball, location: 2F
0-2: Ground out 5-3 (Groundball, 5)
Batting: SHB Mario Domondón 0-0: Ball
1-0: Ball
2-0: Ball
3-0: Base on Balls
Pitching: LHP Vincent Bannon
Batting: LHB Mike Cook 0-0: Called Strike
0-1: Ball
1-1: DOUBLE (Line Drive, 7LM)
Mario Domondón to third
Runner from 3rd tries for Home, SAFE, no throw
Batting: RHB Edgardo Bello 0-0: Swinging Strike
0-1: Fly out, F7 (Flyball, 7S)
Bottom of the 7th over - 1 run, 1 hit, 0 errors, 1 left on base; Ellenburg 7 - Brinkley 6
TOP OF THE 8TH
Ellenburg Fighting Dachsunds batting - Pitching for Brinkley Belugas : RHP Arturo Villa
Batting: RHB Roy Bowman 0-0: Called Strike
0-1: Ball
1-1: SINGLE (Groundball, 6MD)
Batting: RHB Ron Johnston 0-0: Bunted foul
0-1: Bunted foul
0-2: Ball
1-2: Ball
2-2: Foul Ball, location: 2F
2-2: Foul Ball, location: 2F
2-2: Ball
3-2: Base on Balls
Roy Bowman to second
Batting: SHB Ted Tullo 0-0: Ball
1-0: Ball
2-0: Swinging Strike
2-1: Ball
3-1: Base on Balls
Roy Bowman to third
Ron Johnston to second
Batting: RHB José Vázquez 0-0: Foul Ball, location: 2F
0-1: SINGLE (Groundball, 34D)
Roy Bowman scores
Ron Johnston to third
Ted Tullo to second
Batting: RHB Steve Koch 0-0: Ball
1-0: Grounds into fielders choice 5-2 (Groundball, 56D)
Ted Tullo to third
José Vázquez to second
Batting: RHB Alan McLennan 0-0: Called Strike
0-1: Swinging Strike
0-2: Strikes out swinging
Batting: LHB Vicente Castaneda 0-0: Ball
1-0: Ball
2-0: Called Strike
2-1: Ball
3-1: SINGLE (Line Drive, 6MD)
Ted Tullo scores
José Vázquez to third
Steve Koch to second
Runner from 3rd tries for Home, SAFE, throw made home
Pitching: LHP Terry King
Batting: LHB Steve Ingram 0-0: Ball
1-0: Called Strike
1-1: Ball
2-1: 3-RUN HOME RUN (Line Drive, 9LD), Distance : 350 ft
Batting: RHB Gonzalo Sánchez 0-0: Ball
1-0: Ball
2-0: Called Strike
2-1: Ball
3-1: Called Strike
3-2: Fly out, F7 (Flyball, 7D)
Top of the 8th over - 6 runs, 4 hits, 0 errors, 0 left on base; Ellenburg 13 - Brinkley 6
BOTTOM OF THE 8TH
Brinkley Belugas batting - Pitching for Ellenburg Fighting Dachsunds : LHP Vincent Bannon
Now at 3B: Isaac Downey
Batting: RHB Mike Henshaw 0-0: Ball
1-0: Ground out 6-3 (Groundball, 56)
Batting: RHB Jouo Hirschovits 0-0: Foul Ball, location: 2F
0-1: Ball
1-1: Foul Ball, location: 2F
1-2: Ball
2-2: Ball
3-2: Foul Ball, location: 2F
3-2: Ground out 6-3 (Groundball, 6)
Batting: LHB Marcos Deleón 0-0: Ball
1-0: Foul Ball, location: 2F
1-1: Fly out, F9 (Flyball, 89S)
Bottom of the 8th over - 0 runs, 0 hits, 0 errors, 0 left on base; Ellenburg 13 - Brinkley 6
TOP OF THE 9TH
Ellenburg Fighting Dachsunds batting - Pitching for Brinkley Belugas : LHP Terry King
Pitching: RHP António Rúbio
Batting: RHB Roy Bowman 0-0: Fly out, F7 (Flyball, 7LS)
Batting: RHB Ron Johnston 0-0: Ball
1-0: Ball
2-0: Called Strike
2-1: Ball
3-1: Fly out, F3 (Popup, 34)
Batting: SHB Ted Tullo 0-0: Ball
1-0: Called Strike
1-1: Foul Ball, location: 2F
1-2: Strikes out swinging
Top of the 9th over - 0 runs, 0 hits, 0 errors, 0 left on base; Ellenburg 13 - Brinkley 6
BOTTOM OF THE 9TH
Brinkley Belugas batting - Pitching for Ellenburg Fighting Dachsunds : LHP Vincent Bannon
Batting: RHB Wu-shiun Wang 0-0: Called Strike
0-1: Ball
1-1: Foul Ball, location: 2F
1-2: Foul Ball, location: 2F
1-2: Foul Ball, location: 2F
1-2: Fly out, F9 (Flyball, 9LMF)
Pinch Hitting: RHB Parker Smith 0-0: Ground out 4-3 (Groundball, 4)
Batting: LHB Mario Nieves 0-0: Ball
1-0: SINGLE (Flyball, 7LS)
Batting: SHB Mario Domondón 0-0: Foul Ball, location: 2F
0-1: Ball
1-1: Swinging Strike
1-2: Fly out, F2 (Popup, 23F)
Bottom of the 9th over - 0 runs, 1 hit, 0 errors, 1 left on base; Ellenburg 13 - Brinkley 6
Tuesday, December 19th, 2017 - OOTP Baseball 18.8 Build 76